TOP OF THE 1ST |
Myrtle Beach Seahawks batting - Pitching for Hogsmeade Cauldrons : RHP Greg O'Day
|
Pitching: RHP Greg O'Day
|
|
Batting: RHB Lucas Gallant
|
0-0: Foul Ball, location: 2F 0-1: Called Strike 0-2: Fly out, F7 (Line Drive, 7D)
|
Batting: RHB Madhavacharta Bhavalakar
|
0-0: Called Strike 0-1: SINGLE (Flyball, 7S)
|
Batting: LHB Roberts Hamhock
|
0-0: Foul Ball, location: 2F 0-1: Ball 1-1: Ball 2-1: Fly out, F4 (Line Drive, 4)
|
Batting: LHB Gregory Clement
|
0-0: Foul Ball, location: 2F 0-1: Fly out, F6 (Popup, 6M)
|
Top of the 1st over - 0 runs, 1 hit, 0 errors, 1 left on base; Myrtle Beach 0 - Hogsmeade 0 |
BOTTOM OF THE 1ST |
Hogsmeade Cauldrons batting - Pitching for Myrtle Beach Seahawks : RHP Rubén Vázquez
|
Pitching: RHP Rubén Vázquez
|
|
Batting: LHB Bartolo Trejo
|
0-0: Ball 1-0: Called Strike 1-1: Ball 2-1: Ball 3-1: Ground out 6-3 (Groundball, 6)
|
Batting: RHB Diederick Tuiters
|
0-0: Called Strike 0-1: Swinging Strike 0-2: SINGLE (Line Drive, 8RS)
|
Batting: SHB Max Bortenschlager
|
0-0: Ball Diederick Tuiters steals 2nd base 1-0: Foul Ball, location: 2F 1-1: Ball 2-1: Swinging Strike 2-2: Foul Ball, location: 2F 2-2: Ball 3-2: Fly out, F7 (Flyball, 7)
|
Batting: LHB Ewan Manshert
|
0-0: Called Strike 0-1: Ball 1-1: Foul Ball, location: 2F 1-2: Ground out 3-1 (Groundball, 34S)
|
Bottom of the 1st over - 0 runs, 1 hit, 0 errors, 1 left on base; Myrtle Beach 0 - Hogsmeade 0 |
TOP OF THE 2ND |
Myrtle Beach Seahawks batting - Pitching for Hogsmeade Cauldrons : RHP Greg O'Day
|
Batting: RHB Justin Forbes
|
0-0: Foul Ball, location: 2F 0-1: Ball 1-1: Foul Ball, location: 2F 1-2: Ball 2-2: Ball 3-2: Base on Balls
|
Batting: RHB Miguel Rey
|
0-0: Ball 1-0: Fly out, F8 (Line Drive, 89M)
|
Batting: RHB Al Ellis
|
0-0: Swinging Strike 0-1: Ball 1-1: Ball 2-1: SINGLE (Line Drive, 8LS) Justin Forbes to second
|
Batting: LHB Anastasio Flores
|
0-0: Ball 1-0: Foul Ball, location: 2F 1-1: Ball 2-1: Fly out, F7 (Flyball, 7LD)
|
Batting: RHB César Salvatierra
|
0-0: SINGLE (Groundball, 56D) Justin Forbes to third Al Ellis to second Runner from 3rd tries for Home, SAFE, no throw
|
Batting: RHB Lucas Gallant
|
0-0: Ball 1-0: Called Strike 1-1: Ball 2-1: Foul Ball, location: 2F 2-2: Ball 3-2: SINGLE (Line Drive, 6D) Al Ellis to third César Salvatierra to second Al Ellis scores César Salvatierra to third
|
Batting: RHB Madhavacharta Bhavalakar
|
0-0: Ball 1-0: Fly out, F9 (Flyball, 9)
|
Top of the 2nd over - 2 runs, 3 hits, 0 errors, 2 left on base; Myrtle Beach 2 - Hogsmeade 0 |
BOTTOM OF THE 2ND |
Hogsmeade Cauldrons batting - Pitching for Myrtle Beach Seahawks : RHP Rubén Vázquez
|
Batting: RHB Luis Tańón
|
0-0: Called Strike 0-1: SINGLE (Groundball, 34) (infield hit)
|
Batting: RHB Graeme Dormer
|
0-0: Ball 1-0: Foul Ball, location: 2F 1-1: Ball 2-1: Foul Ball, location: 2F 2-2: Strikes out swinging
|
Batting: RHB Peter Holland
|
0-0: Ball 1-0: Called Strike 1-1: Called Strike 1-2: Foul Ball, location: 2F 1-2: Foul Ball, location: 2F 1-2: Ball 2-2: Foul Ball, location: 2F 2-2: Strikes out swinging
|
Batting: RHB Jimmy Robinson
|
0-0: Ball 1-0: Ball 2-0: Ball 3-0: Called Strike 3-1: Foul Ball, location: 2F 3-2: Foul Ball, location: 2F 3-2: Strikes out swinging
|
Bottom of the 2nd over - 0 runs, 1 hit, 0 errors, 1 left on base; Myrtle Beach 2 - Hogsmeade 0 |
TOP OF THE 3RD |
Myrtle Beach Seahawks batting - Pitching for Hogsmeade Cauldrons : RHP Greg O'Day
|
Batting: LHB Roberts Hamhock
|
0-0: Fly out, F9 (Flyball, 9S)
|
Batting: LHB Gregory Clement
|
0-0: Ball 1-0: Swinging Strike 1-1: Ball 2-1: SINGLE (Line Drive, 78S)
|
Batting: RHB Justin Forbes
|
0-0: Ball 1-0: Swinging Strike 1-1: Swinging Strike 1-2: Strikes out swinging
|
Batting: RHB Miguel Rey
|
0-0: Ball 1-0: Ball 2-0: Ball 3-0: Called Strike 3-1: Foul Ball, location: 2F 3-2: Foul Ball, location: 2F 3-2: Base on Balls Gregory Clement to second
|
Batting: RHB Al Ellis
|
0-0: Ball 1-0: Foul Ball, location: 2F 1-1: Fielders Choice at 2nd, 6-4 (Groundball, 56)
|
Top of the 3rd over - 0 runs, 1 hit, 0 errors, 2 left on base; Myrtle Beach 2 - Hogsmeade 0 |
BOTTOM OF THE 3RD |
Hogsmeade Cauldrons batting - Pitching for Myrtle Beach Seahawks : RHP Rubén Vázquez
|
Batting: RHB Héctor Dávila
|
0-0: Ball 1-0: Ball 2-0: Called Strike 2-1: Fly out, F9 (Flyball, 9S)
|
Batting: LHB Bartolo Trejo
|
0-0: Called Strike 0-1: Swinging Strike 0-2: Ball 1-2: Strikes out swinging
|
Batting: RHB Diederick Tuiters
|
0-0: Hit by Pitch
|
Batting: SHB Max Bortenschlager
|
0-0: Called Strike Diederick Tuiters steals 2nd base 0-1: Foul Ball, location: 2F 0-2: Ball 1-2: Ball 2-2: Strikes out swinging
|
Bottom of the 3rd over - 0 runs, 0 hits, 0 errors, 1 left on base; Myrtle Beach 2 - Hogsmeade 0 |
TOP OF THE 4TH |
Myrtle Beach Seahawks batting - Pitching for Hogsmeade Cauldrons : RHP Greg O'Day
|
Batting: LHB Anastasio Flores
|
0-0: Ball 1-0: Fly out, F8 (Flyball, 8RD)
|
Batting: RHB César Salvatierra
|
0-0: Ground out 5-3 (Groundball, 56S)
|
Batting: RHB Lucas Gallant
|
0-0: Called Strike 0-1: Foul Ball, location: 2F 0-2: Ball 1-2: Strikes out swinging
|
Top of the 4th over - 0 runs, 0 hits, 0 errors, 0 left on base; Myrtle Beach 2 - Hogsmeade 0 |
BOTTOM OF THE 4TH |
Hogsmeade Cauldrons batting - Pitching for Myrtle Beach Seahawks : RHP Rubén Vázquez
|
Batting: LHB Ewan Manshert
|
0-0: Ball 1-0: Ball 2-0: Ball 3-0: Base on Balls
|
Batting: RHB Luis Tańón
|
0-0: Called Strike 0-1: Fly out, F8 (Flyball, 8RS)
|
Batting: RHB Graeme Dormer
|
0-0: Called Strike 0-1: SINGLE (Line Drive, 56) Ewan Manshert to second
|
Batting: RHB Peter Holland
|
0-0: Ball 1-0: Foul Ball, location: 2F 1-1: Ball 2-1: 3-RUN HOME RUN (Flyball, 9D), Distance : 399 ft
|
Batting: RHB Jimmy Robinson
|
0-0: Ball 1-0: Swinging Strike 1-1: Swinging Strike 1-2: Strikes out swinging
|
Batting: RHB Héctor Dávila
|
0-0: Ball 1-0: Swinging Strike 1-1: Swinging Strike 1-2: Strikes out swinging
|
Bottom of the 4th over - 3 runs, 2 hits, 0 errors, 0 left on base; Myrtle Beach 2 - Hogsmeade 3 |
TOP OF THE 5TH |
Myrtle Beach Seahawks batting - Pitching for Hogsmeade Cauldrons : RHP Greg O'Day
|
Batting: RHB Madhavacharta Bhavalakar
|
0-0: Foul Ball, location: 2F 0-1: Ball 1-1: Ball 2-1: Called Strike 2-2: Ball 3-2: Foul Ball, location: 2F 3-2: Ground out 6-3 (Groundball, 56)
|
Batting: LHB Roberts Hamhock
|
0-0: Ball 1-0: Foul Ball, location: 2F 1-1: Foul Ball, location: 2F 1-2: SINGLE (Groundball, 3D)
|
Batting: LHB Gregory Clement
|
0-0: Ball 1-0: Grounds into double play, 6-4-3 (Groundball, 6)
|
Top of the 5th over - 0 runs, 1 hit, 0 errors, 0 left on base; Myrtle Beach 2 - Hogsmeade 3 |
BOTTOM OF THE 5TH |
Hogsmeade Cauldrons batting - Pitching for Myrtle Beach Seahawks : RHP Rubén Vázquez
|
Batting: LHB Bartolo Trejo
|
0-0: Ball 1-0: Called Strike 1-1: Foul Ball, location: 2F 1-2: Strikes out swinging
|
Batting: RHB Diederick Tuiters
|
0-0: Called Strike 0-1: Ball 1-1: Ball 2-1: Ground out U3 (Groundball, 34)
|
Batting: SHB Max Bortenschlager
|
0-0: Ball 1-0: Ground out U3 (Groundball, 3)
|
Bottom of the 5th over - 0 runs, 0 hits, 0 errors, 0 left on base; Myrtle Beach 2 - Hogsmeade 3 |
TOP OF THE 6TH |
Myrtle Beach Seahawks batting - Pitching for Hogsmeade Cauldrons : RHP Greg O'Day
|
Batting: RHB Justin Forbes
|
0-0: DOUBLE (Flyball, 89D) - OUT at third base trying to stretch hit.
|
Batting: RHB Miguel Rey
|
0-0: Ball 1-0: Ball 2-0: Ground out 6-3 (Groundball, 6)
|
Batting: RHB Al Ellis
|
0-0: Ball 1-0: SINGLE (Flyball, 5D)
|
Batting: LHB Anastasio Flores
|
0-0: Swinging Strike 0-1: Ball 1-1: Ball Al Ellis is caught stealing 2nd base
|
Top of the 6th over - 0 runs, 2 hits, 0 errors, 0 left on base; Myrtle Beach 2 - Hogsmeade 3 |
BOTTOM OF THE 6TH |
Hogsmeade Cauldrons batting - Pitching for Myrtle Beach Seahawks : RHP Rubén Vázquez
|
Pitching: RHP Francisco Deleón
|
|
Batting: LHB Ewan Manshert
|
0-0: Ball 1-0: Ball 2-0: Called Strike 2-1: Called Strike 2-2: Foul Ball, location: 2F 2-2: Foul Ball, location: 2F 2-2: Ball 3-2: Ground out 5-3 (Groundball, 56)
|
Batting: RHB Luis Tańón
|
0-0: Foul Ball, location: 2F 0-1: Ball 1-1: Ground out 6-3 (Groundball, 6)
|
Batting: RHB Graeme Dormer
|
0-0: Ball 1-0: Foul Ball, location: 2F 1-1: SINGLE (Groundball, 6MD)
|
Batting: RHB Peter Holland
|
0-0: Called Strike 0-1: Foul Ball, location: 2F 0-2: Ball 1-2: Strikes out swinging
|
Bottom of the 6th over - 0 runs, 1 hit, 0 errors, 1 left on base; Myrtle Beach 2 - Hogsmeade 3 |
TOP OF THE 7TH |
Myrtle Beach Seahawks batting - Pitching for Hogsmeade Cauldrons : RHP Greg O'Day
|
Batting: LHB Anastasio Flores
|
0-0: Foul Ball, location: 2F 0-1: Fly out, F9 (Flyball, 9D)
|
Batting: RHB César Salvatierra
|
0-0: Fly out, F8 (Flyball, 8LS)
|
Batting: RHB Lucas Gallant
|
0-0: Swinging Strike 0-1: Foul Ball, location: 2F 0-2: Strikes out looking
|
Top of the 7th over - 0 runs, 0 hits, 0 errors, 0 left on base; Myrtle Beach 2 - Hogsmeade 3 |
BOTTOM OF THE 7TH |
Hogsmeade Cauldrons batting - Pitching for Myrtle Beach Seahawks : RHP Francisco Deleón
|
Batting: RHB Jimmy Robinson
|
0-0: SINGLE (Groundball, 56D)
|
Batting: RHB Héctor Dávila
|
0-0: Ball 1-0: Reached on error, E1 (Groundball, 15S) Jimmy Robinson to third
|
Batting: LHB Bartolo Trejo
|
0-0: Intentional Walk
|
Batting: RHB Diederick Tuiters
|
0-0: Called Strike 0-1: Ball 1-1: Ball 2-1: GRAND SLAM HOME RUN (Flyball, 7D), Distance : 398 ft
|
Batting: SHB Max Bortenschlager
|
0-0: Called Strike 0-1: Ball 1-1: Ball 2-1: Ball 3-1: Ground out 5-3 (Groundball, 5)
|
Batting: LHB Ewan Manshert
|
0-0: Called Strike 0-1: Ball 1-1: Foul Ball, location: 2F 1-2: Ball 2-2: Ball 3-2: Strikes out looking
|
Batting: RHB Luis Tańón
|
0-0: Called Strike 0-1: Called Strike 0-2: Fly out, F9 (Flyball, 9LSF)
|
Bottom of the 7th over - 4 runs, 2 hits, 1 error, 0 left on base; Myrtle Beach 2 - Hogsmeade 7 |
TOP OF THE 8TH |
Myrtle Beach Seahawks batting - Pitching for Hogsmeade Cauldrons : RHP Greg O'Day
|
Batting: RHB Madhavacharta Bhavalakar
|
0-0: Called Strike 0-1: Foul Ball, location: 2F 0-2: Strikes out swinging
|
Batting: LHB Roberts Hamhock
|
0-0: Ball 1-0: Ball 2-0: Ball 3-0: Called Strike 3-1: Foul Ball, location: 2F 3-2: Foul Ball, location: 2F 3-2: Fly out, F2 (Popup, 2RF)
|
Batting: LHB Gregory Clement
|
0-0: Called Strike 0-1: Fly out, F8 (Flyball, 8LS)
|
Top of the 8th over - 0 runs, 0 hits, 0 errors, 0 left on base; Myrtle Beach 2 - Hogsmeade 7 |
BOTTOM OF THE 8TH |
Hogsmeade Cauldrons batting - Pitching for Myrtle Beach Seahawks : RHP Francisco Deleón
|
Batting: RHB Graeme Dormer
|
0-0: Ball 1-0: Called Strike 1-1: Foul Ball, location: 2F 1-2: Fly out, F9 (Flyball, 9LD)
|
Batting: RHB Peter Holland
|
0-0: Ball 1-0: Foul Ball, location: 2F 1-1: Swinging Strike 1-2: Ground out 6-3 (Groundball, 6)
|
Batting: RHB Jimmy Robinson
|
0-0: Ball 1-0: Ball 2-0: Foul Ball, location: 2F 2-1: Fly out, F8 (Line Drive, 78XD)
|
Bottom of the 8th over - 0 runs, 0 hits, 0 errors, 0 left on base; Myrtle Beach 2 - Hogsmeade 7 |
TOP OF THE 9TH |
Myrtle Beach Seahawks batting - Pitching for Hogsmeade Cauldrons : RHP Greg O'Day
|
Batting: RHB Justin Forbes
|
0-0: Foul Ball, location: 2F 0-1: Foul Ball, location: 2F 0-2: Ball 1-2: Foul Ball, location: 2F 1-2: Foul Ball, location: 2F 1-2: Ground out 5-3 (Groundball, 56)
|
Pitching: LHP Callum Dallin
|
|
Batting: RHB Miguel Rey
|
0-0: Ball 1-0: Swinging Strike 1-1: Ground out 5-3 (Groundball, 56)
|
Batting: RHB Al Ellis
|
0-0: Ball 1-0: Ball 2-0: Foul Ball, location: 2F 2-1: Ground out 6-3 (Groundball, 56D)
|
Top of the 9th over - 0 runs, 0 hits, 0 errors, 0 left on base; Myrtle Beach 2 - Hogsmeade 7 |
|